 Dungeon Crawl Stone Soup version 0.20-a0-1127-g1289703 (webtiles) character file.

9682 Leszczynek the Carver (level 11, -7/141 HPs)
             Began as a Barachi Berserker on May 18, 2017.
             Was a High Priest of Trog.
             Mangled by Snorg (18 damage)
             ... on level 11 of the Dungeon.
             The game lasted 00:31:05 (6025 turns).

Leszczynek the Carver (Barachi Berserker)           Turns: 6025, Time: 00:31:06

Health: -7/141     AC:  8    Str: 23    XL:     11   Next: 50%
Magic:  11/11      EV: 15    Int:  9    God:    Trog [*****.]
Gold:   192        SH:  0    Dex: 14    Spells: 10/10 levels left

rFire    . . .     SeeInvis .   a - +0 great sword
rCold    . . .     Gourm    .   (shield currently unavailable)
rNeg     . . .     Faith    .   r - +0 scale mail
rPois    .         Spirit   .   (no helmet)
rElec    .         Reflect  .   (no cloak)
rCorr    .         Harm     .   (no gloves)
MR       .....                  y - +1 pair of boots
Stlth    ..........             i - amulet of regeneration
Regen    0.8/turn               (no ring)
MPRegen  0.2/turn               (no ring)

@: berserking (expiring), quick
A: +LOS, swims, slowness 1, strong legs 1
a: Hop, Berserk, Trog's Hand, Brothers in Arms, Burn Spellbooks, Renounce
Religion


You were on level 11 of the Dungeon.
You worshipped Trog.
Trog was extremely pleased with you.
You were hungry.

You visited 1 branch of the dungeon, and saw 11 of its levels.
You also visited: Sewer.

You collected 348 gold pieces.
You spent 156 gold pieces at shops.

Inventory:

Hand Weapons
 a - a +0 great sword (weapon)
 b - a +0 blowgun
 c - a +0 hand crossbow of flaming
 H - a +2 scimitar of slicing
 K - a +1 scimitar of flaming
Missiles
 A - 15 curare-tipped needles
 E - 20 bolts
Armour
 o - a +0 ring mail
 r - a +0 scale mail (worn)
 y - a +1 pair of boots (worn)
 C - a -1 cloak
Jewellery
 i - an amulet of regeneration (around neck)
 x - an uncursed ring of ice
Wands
 z - a wand of disintegration (18/24)
 D - a wand of confusion (19/48)
 I - a wand of lightning (4/15)
Scrolls
 e - 3 scrolls of remove curse {@r2}
 g - 2 scrolls of identify {@r1}
 h - 3 scrolls of teleportation
 m - a scroll of acquirement {unknown}
 n - a scroll of recharging {unknown}
 p - a scroll of torment {unknown}
 s - 2 scrolls of enchant weapon {unknown}
 t - a scroll of magic mapping {unknown}
 v - a scroll of blinking
 G - a scroll of summoning {unknown}
Potions
 j - 2 potions of flight
 l - 12 potions of curing {@q1}
 q - a potion of lignification {!q}
 u - 6 potions of heal wounds {@q2}
 J - a potion of berserk rage {unknown}
Books
 f - a book of Changes

   Spells                             Type                      Level
   a - Beastly Appendage              Transmutation                1
   b - Sticks to Snakes               Transmutation                2
   c - Spider Form                    Transmutation/Poison         3
   d - Ice Form                       Ice/Transmutation            4
   e - Blade Hands                    Transmutation                5
   Trog disapproves of the use of such an item.
Comestibles
 d - 4 bread rations
 k - 3 meat rations
 B - 2 royal jellies
 F - 4 fruits


   Skills:
 * Level 11.6 Fighting
 + Level 14.9 Long Blades
 - Level 2.4 Armour
 + Level 8.9 Dodging


You had 10 spell levels left.
You didn't know any spells.

Dungeon Overview and Level Annotations

Branches:
Dungeon (11/15)              Lair (0/6) D:9
 Temple: D:4-7          Orc: D:9-12

Altars:
Ashenzari
Okawaru
Uskayaw
Xom
Yredelemnul
Zin

Shops:
D:4 (   D:6 *

Annotations:
D:5 Dowan, Duvessa
D:10 orc
D:11 1 transporter (randart plate, blink), Snorg


Innate Abilities, Weirdness & Mutations

Shadows flee at your approach. (+LOS)
You can swim through water.
You cover ground slowly.
You can hop short distances.


Message History

Snorg is heavily wounded.
Snorg bites you!!
* * * LOW HITPOINT WARNING * * *
Snorg claws you.
* * * LOW HITPOINT WARNING * * *
Snorg claws you but does no damage.
You slash Snorg!
Snorg is severely wounded.
Snorg barely misses you. Snorg misses you. Snorg claws you.
* * * LOW HITPOINT WARNING * * *
You barely miss Snorg.
Snorg is severely wounded.
Snorg misses you. Snorg barely misses you. Snorg claws you!!
* * * LOW HITPOINT WARNING * * *
You slash Snorg!
Snorg is severely wounded.
Snorg barely misses you.
You riposte.
You slice Snorg!!
Snorg is almost dead.
Snorg claws you!!
You die...

+/[#.# .
#$?#.####.#
#$##(.))#.##
#(...)...#
#©..#>#..#
###..##)........
#$##.####.......
#$?#T# #.#####
+()#@# .# #$?#.# #
# #$##.# ## #####
###..#
.#####.8.#####..##
...............##
################
### ######..
#....... #.#


You could see Snorg (berserk).

Vanquished Creatures
  Erolcha (D:9)
  Erica (D:11)
  2 two-headed ogres
  Sonja (D:10)
  Maurice (D:11)
  Joseph (D:9)
  A komodo dragon (D:11)
  A hornet (D:9)
  2 hippogriffs
  A wraith (D:11)
  A vampire (D:9)
  2 hungry ghosts (D:11)
  2 wargs (D:9)
  A water moccasin (D:11)
  9 orc warriors
  2 ice beasts
  A sky beast (D:11)
  4 ogres
  A phantom (D:9)
  3 centaurs (D:11)
  6 big kobolds
  Blork the orc (D:5)
  2 bullfrogs (D:11)
  3 scorpions
  A howler monkey (D:6)
  2 jellies
  2 quasits
  5 crimson imps
  2 hounds
  7 orc priests
  5 orc wizards
  5 centaur skeletons
  4 iguanas
  2 worker ants
  A killer bee zombie (D:5)
  10 adders
  2 river rats (Sewer)
  4 shadow imps
  2 adder zombies
  A worm (D:2)
  2 dart slugs
  6 leopard geckos
  46 orcs
  3 giant cockroaches
  5 goblins
  5 hobgoblins
  6 jackals
  3 quokkas
  5 ball pythons
  5 bats
  3 frilled lizards
  43 kobolds
  27 rats
264 creatures vanquished.

Vanquished Creatures (others)
  An orc (D:5)
  A kobold (D:10)
  7 toadstools (D:1)
9 creatures vanquished.

Grand Total: 273 creatures vanquished

Notes
Turn   | Place    | Note
-------+----------+-------------------------------------------
     0 | D:1      | Leszczynek the Barachi Berserker began the quest for the Orb.
     0 | D:1      | Reached XP level 1. HP: 18/18 MP: 1/1
   142 | D:1      | Reached skill level 4 in Long Blades
   201 | D:1      | Reached XP level 2. HP: 17/24 MP: 2/2
   493 | D:1      | Reached XP level 3. HP: 29/29 MP: 3/3
   551 | D:2      | Reached skill level 5 in Long Blades
   559 | D:2      | Found a basalt altar of Yredelemnul.
   830 | D:2      | Reached ** piety under Trog
  1247 | D:3      | Reached XP level 4. HP: 36/36 MP: 4/4
  1344 | D:4      | Found a shimmering altar of Xom.
  1415 | D:4      | Found Qegidack's Antique Weapon Emporium.
  1438 | D:4      | long blade plz
  1516 | D:3      | Found an iron altar of Okawaru.
  1548 | D:3      | Reached skill level 6 in Long Blades
  1742 | D:4      | Noticed an ogre
  1759 | D:4      | Killed an ogre
  1759 | D:4      | Reached skill level 7 in Long Blades
  1759 | D:4      | Reached XP level 5. HP: 33/41 MP: 5/5
  1820 | D:5      | Entered Level 5 of the Dungeon
  1820 | D:5      | Noticed Duvessa
  1820 | D:5      | Noticed Dowan
  2012 | D:5      | Reached skill level 8 in Long Blades
  2012 | D:5      | Reached XP level 6. HP: 47/47 MP: 6/6
  2179 | D:5      | Reached skill level 9 in Long Blades
  2199 | D:5      | Noticed Blork the orc
  2207 | D:5      | Killed Blork the orc
  2207 | D:5      | Reached XP level 7. HP: 52/52 MP: 7/7
  2417 | D:5      | Reached skill level 10 in Long Blades
  2694 | D:6      | Reached skill level 4 in Fighting
  2738 | D:6      | Reached skill level 3 in Dodging
  2738 | D:6      | Reached XP level 8. HP: 60/60 MP: 8/8
  2801 | D:6      | Reached *** piety under Trog
  2917 | D:6      | Found a glowing drain.
  2937 | Sewer    | Entered a sewer
  3320 | Sewer    | Reached **** piety under Trog
  3347 | Sewer    | Reached skill level 11 in Long Blades
  3437 | D:6      | Found a shattered altar of Ashenzari.
  3582 | D:4      | Bought a great sword for 156 gold pieces
  3653 | D:6      | Found Seon's General Store.
  3661 | D:6      | Reached skill level 5 in Fighting
  3793 | D:7      | Reached skill level 4 in Dodging
  3846 | D:8      | Noticed a two-headed ogre
  3857 | D:8      | HP: 13/93 [two-headed ogre/giant club (7)]
  3860 | D:8      | Killed a two-headed ogre
  3860 | D:8      | Reached skill level 6 in Fighting
  3860 | D:8      | Reached skill level 12 in Long Blades
  3860 | D:8      | Reached skill level 5 in Dodging
  3860 | D:8      | Reached XP level 9. HP: 16/69 MP: 9/9
  4112 | D:9      | Noticed Erolcha
  4129 | D:9      | Killed Erolcha
  4129 | D:9      | Reached skill level 7 in Fighting
  4129 | D:9      | Reached skill level 13 in Long Blades
  4129 | D:9      | Reached skill level 6 in Dodging
  4148 | D:9      | ez
  4164 | D:9      | Found a staircase to the Lair.
  4242 | D:9      | Reached XP level 10. HP: 79/79 MP: 10/10
  4325 | D:10     | Entered Level 10 of the Dungeon
  4493 | D:10     | Reached skill level 8 in Fighting
  4596 | D:10     | Reached skill level 7 in Dodging
  4754 | D:9      | Reached skill level 14 in Long Blades
  4819 | D:9      | Noticed a two-headed ogre
  4835 | D:9      | Killed a two-headed ogre
  4835 | D:9      | Reached skill level 9 in Fighting
  4975 | D:9      | Reached ***** piety under Trog
  5225 | D:9      | Noticed Joseph
  5234 | D:9      | Killed Joseph
  5234 | D:9      | Reached skill level 8 in Dodging
  5252 | D:9      | Found a glowing silver altar of Zin.
  5252 | D:9      | Found a hide-covered altar of Uskayaw.
  5294 | D:10     | Noticed Sonja
  5303 | D:10     | HP: 17/85 [asphyx]
  5308 | D:10     | HP: 9/85 [poisoned by Sonja (curare-tipped needle)]
  5313 | D:11     | Noticed Snorg
  5315 | D:11     | HP: 25/127 [hungry ghost (1)]
  5320 | D:11     | HP: 23/127 [poisoned by Sonja (curare-tipped needle)]
  5327 | D:11     | HP: 24/127 [big kobold (4)]
  5332 | D:11     | HP: 21/127 [komodo dragon (11)]
  5333 | D:11     | Reached skill level 10 in Fighting
  5333 | D:11     | Reached XP level 11. HP: 23/90 MP: 11/11
  5351 | D:10     | Killed Sonja
  5474 | D:11     | Noticed Maurice
  5502 | D:11     | Killed Maurice
  5746 | D:11     | Noticed Erica
  5752 | D:11     | Killed Erica
  5752 | D:11     | Reached skill level 11 in Fighting
  5981 | D:11     | uh huh
  5981 | D:11     | maybe later
  5981 | D:11     | looks too good to take it now
  6023 | D:11     | HP: 28/141 [Snorg (5)]
  6024 | D:11     | HP: 10/141 [Snorg (18)]
  6025 | D:11     | Mangled by Snorg

Vault maps used:
D:1:      nagdon_arrival_double_spiral
D:2:      lemuel_doored_altar, serial_glass, glass_columns_b, glass_columns_a,
          glass_columns_a, glass_columns_a, glass_columns_a,
          minmay_misc_feat_plants, eino_curves_04, grunt_ministairs_2,
          minmay_octomino_c4
D:3:      lemuel_tele_altar
D:4:      lemuel_crystal_altar, first_bread, serial_shops, shop_statue
D:5:      uniq_blork_the_orc, uniq_duvessa
D:6:      nicolae_overflow_crystal_walls, lemuel_round_altar, serial_shops,
          nicolae_shop_waterfront, portal_sewer_entry_d
D:7:      lemuel_ice_statue, cheibriados_altar_1, minmay_temple_entry_poolview
D:8:      old_standard_altar, small_statue_intersection
D:9:      kennysheep_six_static_rooms,
          chequers_temple_overflow_statue_of_worship, erik_lair_orcish_takeover,
          basic_altar, hangedman_pestilent_swarm, uniq_erolcha, uniq_joseph
D:10:     david_orc_5, minivault_19, uniq_josephine, uniq_psyche, uniq_sonja
D:11:     serial_park_tiny_1, gammafunk_the_bubble, uniq_erica, uniq_snorg,
          uniq_maurice
Sewer:    sewer_minmay_treatment

Skill      XL: |  1  2  3  4  5  6  7  8  9 10 11 |
---------------+----------------------------------+-----
Long Blades    | 4 5 7 8 9 10 12 13 14 | 14.9
Fighting       | 4 6 7 10 11 | 11.6
Dodging        | 3 5 6 8 |  8.9
Armour         | |  2.4

Action                   |  1- 3 |  4- 6 |  7- 9 | 10-12 || total
-------------------------+-------+-------+-------+-------++-------
Melee: Falchion          |    99 |    81 |   323 |       ||   503
       Great sword       |       |       |    78 |   326 ||   404
 Fire: Blowgun           |       |       |       |     3 ||     3
       Hand crossbow     |       |       |       |     2 ||     2
Invok: Berserk           |     2 |     3 |     5 |     9 ||    19
       Trog's Hand       |       |     1 |     3 |     4 ||     8
 Abil: Hop               |     1 |       |       |     3 ||     4
Evoke: Wand              |       |       |     1 |     7 ||     8
  Use: Potion            |     2 |       |       |     5 ||     7
       Scroll            |       |       |     4 |     9 ||    13
 Stab: Sleeping          |     2 |       |       |       ||     2
  Eat: Chunk             |     3 |     4 |    14 |    20 ||    41
       Royal jelly       |       |     1 |       |     1 ||     2
Armor: Animal skin       |    15 |       |       |       ||    15
       Ring mail         |    18 |    11 |       |       ||    29
       Scale mail        |       |    14 |   121 |   103 ||   238
       Skin              |       |       |       |    70 ||    70
Dodge: Dodged            |    59 |    37 |   183 |   242 ||   521
       Rpst.: Falchion   |    21 |    14 |    33 |       ||    68
       Great sword       |       |       |    14 |    63 ||    77
